 Dungeon Crawl Stone Soup version 0.28-a0-425-gd0eccab798 (webtiles) character file.

Game seed: 16772451187267551741

15 mg7810 the Sneak (level 2, -2/27 HPs)
             Began as a Deep Dwarf Delver on Sept 9, 2021.
             Killed from afar by an orc wizard (9 damage)
             ... with a puff of flame
             ... on level 4 of the Dungeon.
             The game lasted 00:00:50 (82 turns).

mg7810 the Sneak (Deep Dwarf Delver)                  Turns: 82, Time: 00:00:50

Health: -2/27      AC:  3    Str: 15    XL:     2   Next: 34%
Magic:  2/2        EV: 12    Int: 10    God:
Gold:   12         SH:  0    Dex: 14    Spells: 1/1 levels left

rFire   . . .      SeeInvis .   a - +0 hand axe
rCold   . . .      Faith    .   (no shield)
rNeg    . . .      Spirit   .   b - +0 leather armour
rPois   .          Reflect  .   (no helmet)
rElec   .          Harm     .   (no cloak)
rCorr   .          Rampage  .   (no gloves)
Will    .....                   (no boots)
Stlth   +++.......              (no amulet)
HPRegen 0.00/turn               (no ring)
MPRegen 0.08/turn               (no ring)

@: no status effects
A: damage resistance, heal wounds, sense surroundings 1, no regeneration
a: Heal Wounds


You were on level 4 of the Dungeon.
You visited 1 branch of the dungeon, and saw 2 of its levels.

You collected 12 gold pieces.

Inventory:

Hand Weapons
 a - a +0 hand axe (weapon)
Armour
 b - a +0 leather armour (worn)
Wands
 g - a wand of digging (3)
Scrolls
 c - a scroll of fog
 d - a scroll of magic mapping
 e - a scroll of fear
Potions
 f - a potion of haste
 h - a potion of might {unknown}


   Skills:
 + Level 2.7 Fighting
 + Level 2.2 Axes
 * Level 1.0 Armour
 + Level 2.2 Dodging
 + Level 6.2 Stealth
 * Level 0.2 Unarmed Combat
 * Level 1.0 Evocations


You had one spell level left.
You didn't know any spells.
Your spell library was empty.

Dungeon Overview and Level Annotations

Branches:
Dungeon (5/15)
 Temple: D:4-7

Altars:

Annotations:
D:4 Sigmund


Innate Abilities, Weirdness & Mutations

You are resistant to damage.
You can heal yourself by infusing magical energy.
You passively map a small area around you.
You do not regenerate.


Message History

The orc wizard hits you with a +0 dagger.
You closely miss the orc wizard. The orc wizard barely misses you.
You barely miss the orc wizard.
The orc wizard mumbles some strange words.
The orc wizard flickers and vanishes!
Deactivating autopickup; reactivate with Ctrl-A.
You hit something. Something hits you.
You miss something. Something hits you. x2
You hit something but do no damage. Something hits you.
You miss something. Something hits you.
You miss something. Something hits you but does no damage.
You miss something. Something hits you.
You closely miss something. Something hits you.
You miss something.
The adder hisses angrily.
You hear some strange, mumbled words.
A puff of flame appears from out of thin air!
The puff of flame hits you. Something barely misses you.
You completely miss something.
You hear some strange, mumbled words.
Something tries to affect you, but you resist.
You miss something. Something hits you.
You hit something.
You hear some strange, mumbled words.
Something tries to affect you, but you resist.
You miss something. Something hits you.
You closely miss something. Something hits you. x2
You hit something. Something hits you but does no damage.
You hit something. Something hits you.
You barely miss something.
You hear some strange, mumbled words.
A magic dart appears from out of thin air!
The magic dart hits you.
* * * LOW HITPOINT WARNING * * *
You hit something. Something hits you but does no damage.
You barely miss something. Something hits you but does no damage.
You closely miss something.
You hear some strange, mumbled words.
A puff of flame appears from out of thin air!
The puff of flame hits you!
You die...

#.#.# * ** #.#.#
,.. #.# ** .# ,
#.# , .#,# * , #.#
* * .#.#,
#.########### .#.#
* #.........).#
S..
###########.####{#
, * * #..).@.# *
########


You could see an adder.

Vanquished Creatures
  An adder (D:4)
  3 orcs (D:4)
4 creatures vanquished.

Notes
Turn   | Place    | Note
-------+----------+-------------------------------------------
     0 | D:5      | mg7810 the Deep Dwarf Delver began the quest for the Orb.
     0 | D:5      | Reached XP level 1. HP: 20/20 MP: 1/1
    17 | D:4      | Noticed Sigmund
    28 | D:4      | Reached XP level 2. HP: 27/27 MP: 2/2
    50 | D:4      | Reached skill level 1 in Evocations
    58 | D:4      | Reached skill level 1 in Armour
    82 | D:4      | Killed from afar by an orc wizard

Illustrated notes

Levels and vault maps discovered:
D:4:      layout_loops_ring, hangedman_decor_riveting, uniq_sigmund,
          uniq_menkaure, uniq_grinder, uniq_crazy_yiuf_cottage
D:5:      layout_loops_ring, marbit_many_paths, chequers_serial_rivers_marsh

Skill      XL: |  1  2 |
---------------+-------+-----
Evocations     | 1 |  1.0
Armour         | 1 |  1.0
Fighting       | |  2.7
Axes           | |  2.2
Dodging        | |  2.2
Stealth        | |  6.2
Unarmed Combat | |  0.2

Action                   || total
-------------------------++-------
Melee: Hand axe          ||    33
 Stab: Sleeping          ||     3
Armor: Leather armour    ||     5
Dodge: Dodged            ||     7

Table legend: (Time is in decaauts)
 A = Elapsed time spent in this place.
 B = Non-inter-level travel time spent in this place.
 C = Inter-level travel time spent in this place.
 D = Time resting spent in this place.
 E = Time spent auto-exploring this place.
 F = Levels seen in this place.
 G = Mean time per level.
                   A        B        C        D        E       F      G
               +--------+--------+--------+--------+--------+-----+--------+
         Total |     87 |     87 |      0 |      0 |      0 |   2 |   43.5 |
       Dungeon |     87 |     87 |      0 |      0 |      0 |   2 |   43.5 |
               +--------+--------+--------+--------+--------+-----+--------+

Top non-repeatable levels by time:
     D:4: 74 daAuts
     D:5: 13 daAuts
